 Dungeon Crawl Stone Soup version 0.28.0 (webtiles) character file.

Game seed: 4373816002615014558

114 crazypyro the Skirmisher (level 4, -4/50 HPs)
             Began as an Ogre Monk on Feb 4, 2022.
             Was an Initiate of Gozag.
             Slain by an iguana (12 damage)
             ... on level 4 of the Dungeon.
             The game lasted 00:03:25 (3386 turns).

crazypyro the Skirmisher (Ogre Monk)                Turns: 3386, Time: 00:03:25

Health: -4/50      AC:  4    Str: 17    XL:     4   Next: 97%
Magic:  4/4        EV: 10    Int: 11    God:    Gozag
Gold:   182        SH:  0    Dex: 11    Spells: 3/3 levels left

rFire   . . .      SeeInvis .   a - +0 mace
rCold   . . .      Faith    .   (no shield)
rNeg    . . .      Spirit   .   b - +1 robe
rPois   .          Reflect  .   (helmet restricted)
rElec   .          Harm     .   (no cloak)
rCorr   .          Rampage  .   (gloves unavailable)
Will    .....                   (boots unavailable)
Stlth   ++........              (no amulet)
HPRegen 0.16/turn               (no ring)
MPRegen 0.09/turn               (no ring)

@: no status effects
A: large, unfitting armour, tough skin 1
a: Renounce Religion, Potion Petition, Call Merchant, Bribe Branch


You were on level 4 of the Dungeon.
You worshipped Gozag.
Gozag was aware of your devotion.
You visited 1 branch of the dungeon, and saw 4 of its levels.

You collected 182 gold pieces.

Inventory:

Hand Weapons
 a - a +0 mace (weapon)
Missiles
 i - 3 throwing nets (quivered)
Armour
 b - a +1 robe (worn)
Wands
 f - a wand of mindburst (13)
 k - a wand of charming (4)
Scrolls
 d - a scroll of immolation {unknown}
 e - a scroll of fog {unknown}
 h - 3 scrolls of identify
 j - a scroll of teleportation
Potions
 c - a potion of might
 g - a potion of invisibility {unknown}


   Skills:
 + Level 5.2 Fighting
 * Level 4.3 Maces & Flails
 - Level 2.7 Dodging
 - Level 1.4 Stealth


You had 3 spell levels left.
You didn't know any spells.
Your spell library contained the following spells:

 Spells                   Type           Power      Damage    Failure   Level
 Apportation              Tloc           0%         N/A       34%         1
 Alistair's Intoxication  Tmut/Pois      0%         N/A       100%        5
 Summon Forest            Summ/Tloc      0%         N/A       100%        5
 Summon Mana Viper        Hex/Summ       0%         N/A       100%        5
 Summon Cactus Giant      Summ           0%         N/A       100%        6


Dungeon Overview and Level Annotations

Branches:
Dungeon (4/15)
 Temple: D:4-7

Altars:
Gozag


Innate Abilities, Weirdness & Mutations

You are too large for most types of armour.
You have tough skin. (AC +1)


Message History

The iguana is heavily wounded.
The iguana barely misses you. The iguana closely misses you.
You hit the iguana but do no damage.
The iguana is heavily wounded.
The iguana bites you but does no damage.
You hit the iguana.
The iguana is severely wounded.
The iguana bites you.
You barely miss the iguana.
The iguana is severely wounded.
The iguana closely misses you.
You hit the iguana.
The iguana is almost dead.
The iguana bites you.
You closely miss the iguana.
The iguana is almost dead.
The iguana closely misses you. The iguana barely misses you.
You closely miss the iguana.
The iguana is almost dead.
The iguana barely misses you.
You hit the iguana but do no damage.
The iguana is almost dead.
The iguana bites you.
You hit the iguana but do no damage.
The iguana is almost dead.
The iguana bites you!
You are too injured to fight recklessly!
You hit the iguana but do no damage.
The iguana is almost dead.
The iguana barely misses you.
You closely miss the iguana.
The iguana is almost dead.
The iguana bites you!
* * * LOW HITPOINT WARNING * * *
You barely miss the iguana.
The iguana is almost dead.
The iguana bites you but does no damage.
The iguana bites you!
You die...
Your body crumbles into a pile of gold.

##+#### ###+##.....#
.######..........#
................@##
.................l......
........................
........................
........................
.................############
.######..........#..........#
#..........#..........#
#..........#.##.####..#


You could see an iguana.

Vanquished Creatures
  4 gnolls (D:3)
  3 adders
  2 worms (D:2)
  A dart slug (D:3)
  3 endoplasms
  5 hobgoblins
  2 quokkas
  3 ball pythons
  5 bats
  6 frilled lizards
  6 goblins
  2 kobolds
  2 rats
44 creatures vanquished.

Notes
Turn   | Place    | Note
-------+----------+-------------------------------------------
     0 | D:1      | crazypyro the Ogre Monk began the quest for the Orb.
     0 | D:1      | Reached XP level 1. HP: 24/24 MP: 1/1
   405 | D:1      | Found a faded altar of an unknown god.
   433 | D:1      | Reached XP level 2. HP: 9/32 MP: 2/2
  1435 | D:2      | Reached XP level 3. HP: 8/40 MP: 3/3
  2353 | D:3      | Found an opulent altar of Gozag.
  2371 | D:3      | Reached XP level 4. HP: 32/49 MP: 4/4
  2529 | D:3      | Became a worshipper of Gozag Ym Sagoz the Greedy
  2700 | D:3      | Identified the +0 helmet of Weamomm {rElec Int+3}
  2869 | D:3      | Reached skill level 5 in Fighting
  3386 | D:4      | Slain by an iguana

Illustrated notes

Levels and vault maps discovered:
D:1:      nzn_arrival_settlement, layout_loops_ring,
          ebering_ecumenical_altar_mist
D:2:      layout_loops_ring, hangedman_decor_points, st_stairs_1
D:3:      layout_basic, lemuel_round_altar
D:4:      layout_gridville

Skill      XL: |  1  2  3  4 |
---------------+-------------+-----
Maces & Flails | 3 4 |  4.3
Fighting       | 5 |  5.2
Dodging        | |  2.7
Stealth        | |  1.4

Action                   |  1- 3 |  4- 6 || total
-------------------------+-------+-------++-------
Melee: Mace              |   137 |    51 ||   188
       Punch             |     1 |       ||     1
  Use: Scroll            |     3 |       ||     3
       Potion            |       |     1 ||     1
 Stab: Distracted        |     2 |       ||     2
       Sleeping          |     1 |     1 ||     2
Armor: Robe              |    49 |    10 ||    59
Dodge: Dodged            |   111 |    31 ||   142
